 Dungeon Crawl Stone Soup version 0.27-a0-972-gd1521fd518 (webtiles) character file.

Game seed: 18217016347059924802

121521 EnegeticOcto the Peltast (level 16, -4/138 HPs)
             Began as a Purple Draconian Abyssal Knight on Apr 13, 2021.
             Was the Champion of Lugonu.
             Slain by a merfolk
             ... wielding a +6 trident of venom
              (27 damage)
             ... on level 2 of the Shoals.
             The game lasted 01:02:26 (31463 turns).

EnegeticOcto the Peltast (DrAK)                    Turns: 31463, Time: 01:02:26

Health: -4/138     AC: 20    Str: 18    XL:     16   Next: 32%
Magic:  25/25      EV: 16    Int: 13    God:    Lugonu [******]
Gold:   1800       SH: 16    Dex: 17    Spells: 8/15 levels left

rFire    . . .     SeeInvis .   O - +10 flail of Teyff {drain, rPois}
rCold    . . .     Faith    .   W - +2 kite shield {reflect}
rNeg     . . .     Spirit   .   (armour unavailable)
rPois    +         Reflect  +   (helmet restricted)
rElec    .         Harm     .   r - +1 cloak
rCorr    .         Rampage  .   R - +1 pair of gloves {Str+3}
Will     ++...                  z - +2 pair of boots
Stlth    ++........             P - amulet of regeneration
HPRegen  1.33/turn              e - +4 ring of slaying
MPRegen  0.19/turn              X - +4 ring of protection

@: lethally poisoned (-4 -> -9)
A: breathe power, AC +9, unfitting armour, cold-blooded
a: Breathe Dispelling Energy, Renounce Religion, Depart the Abyss, Bend Space,
Banish, Corrupt, Enter the Abyss, Brand Weapon With Distortion


You were on level 2 of the Shoals.
You worshipped Lugonu.
Lugonu was exalted by your worship.
You visited 4 branches of the dungeon, and saw 26 of its levels.
You visited the Abyss 1 time.

You collected 2433 gold pieces.
You spent 633 gold pieces at shops.

Inventory:

Hand Weapons
 t - a +5 morningstar of flaming
   (You took it off an orc on level 5 of the Dungeon)
 O - the +10 flail of Teyff (weapon) {drain, rPois}
   (You found it on level 1 of the Lair of Beasts)

   A truly terrible weapon, it drains the life of those it strikes.
   It protects you from poison.
Missiles
 a - 21 silver javelins
 c - 19 javelins
 k - 29 boomerangs (quivered)
 A - 4 throwing nets {!f}
 U - 9 curare-tipped darts
Armour
 r - a +1 cloak (worn)
   (You found it on level 12 of the Dungeon)
 z - a +2 pair of boots (worn)
   (You found it on level 6 of the Dungeon)
 R - a +1 pair of gloves of strength (worn)
   (You bought it in a shop on level 2 of the Orcish Mines)
 W - a +2 kite shield of reflection (worn)
   (You found it on level 6 of the Lair of Beasts)
Magical Staves
 v - a staff of air
   (You found it on level 5 of the Dungeon)
Jewellery
 b - a ring of protection from fire
   (You took it off a merfolk javelineer on level 2 of the Shoals)
 d - a ring of ice
   (You took it off Fannar on level 12 of the Dungeon)
 e - a +4 ring of slaying (left hand)
   (You found it on level 7 of the Dungeon)
 K - a ring of see invisible
   (You found it on level 11 of the Dungeon)
 P - an amulet of regeneration (around neck)
   (You found it on level 1 of the Lair of Beasts)
 S - a ring of positive energy
   (You found it on level 5 of the Lair of Beasts)
 X - a +4 ring of protection (right hand)
   (You bought it in a shop on level 2 of the Orcish Mines)
Wands
 w - a wand of flame (80) {@v4}
   (You found it on level 6 of the Dungeon)
 y - a wand of mindburst (22)
   (You found it on level 6 of the Dungeon)
 E - a wand of acid (5) {@v1}
   (You found it on level 9 of the Dungeon)
 G - a wand of digging (4) {@v3}
   (You found it on level 10 of the Dungeon)
 Z - a wand of iceblast (13) {@v2}
   (You took it off a deep elf pyromancer on level 14 of the Dungeon)
Scrolls
 f - a scroll of fear {!r}
 h - a scroll of torment
 o - 2 scrolls of immolation
 p - a scroll of identify {@r1}
 u - 7 scrolls of enchant weapon
 x - 3 scrolls of teleportation {@r3 !r}
 C - a scroll of blinking {@r4}
 D - a scroll of holy word
 Q - a scroll of fog {!r}
Potions
 j - a potion of magic
 l - 6 potions of might {@q3 !q}
 m - 5 potions of attraction
 n - 8 potions of curing {@q1 !q}
 q - 4 potions of haste {@q4 !q}
 s - 2 potions of cancellation
 F - a potion of mutation
 H - 5 potions of brilliance
 I - a potion of lignification {@q6}
 J - a potion of resistance
 M - 2 potions of heal wounds {@q2 !q}
 N - a potion of berserk rage
 T - a potion of ambrosia
Miscellaneous
 L - a tin of tremorstones (1/2)
   (You found it on level 11 of the Dungeon)
 V - a condenser vane
   (You found it on level 6 of the Lair of Beasts)
 Y - a box of beasts
   (You found it on level 13 of the Dungeon)


   Skills:
 + Level 11.4 Fighting
 - Level 3.2 Short Blades
 - Level 14.0 Maces & Flails
 + Level 9.6 Throwing
 + Level 7.7 Dodging
 - Level 3.0 Stealth
 - Level 15.0 Shields
 - Level 6.0 Hexes
 - Level 12.0 Invocations
 - Level 6.0 Evocations


You had 8 spell levels left.
You knew the following spells:

 Your Spells              Type           Power      Damage    Failure   Level
b - Call Imp              Summ           0%         N/A       43%         2
c - Tukima's Dance        Hex            15%        N/A       8%          3
p - Passwall              Tmut/Erth      0%         N/A       43%         2

Your spell library contained the following spells:

 Spells                   Type           Power      Damage    Failure   Level
 Corona                   Hex            16%        N/A       2%          1
 Confusing Touch          Hex            15%        N/A       8%          3
 Ensorcelled Hibernation  Hex/Ice        14%        N/A       14%         2
 Dazzling Flash           Conj/Hex       14%        N/A       26%         3
 Summon Guardian Golem    Hex/Summ       7%         N/A       26%         3
 Animate Skeleton         Necr           0%         N/A       30%         1
 Apportation              Tloc           0%         N/A       30%         1
 Sandblast                Erth           0%         2d4       30%         1
 Summon Small Mammal      Summ           0%         N/A       30%         1
 Call Canine Familiar     Summ           0%         N/A       67%         3
 Ignite Poison            Fire/Tmut/Pois 0%         N/A       67%         3
 Stone Arrow              Conj/Erth      0%         3d7       67%         3
 Petrify                  Tmut/Erth      0%         N/A       97%         4
 Summon Ice Beast         Ice/Summ       0%         N/A       97%         4
 Summon Lightning Spire   Summ/Air       0%         N/A       97%         4
 Bolt of Magma            Conj/Fire/Erth 0%         4d4       100%        5
 Fireball                 Conj/Fire      0%         3d3       100%        5
 Iskenderun's Battlesphe  Conj           0%         2d6       100%        5
 Lee's Rapid Deconstruct  Erth           0%         3d5*      100%        5
 Iron Shot                Conj/Erth      0%         9d1       100%        6
 Starburst                Conj/Fire      0%         8x6d3     100%        6
 Orb of Destruction       Conj           0%         N/A       100%        7
 Spellforged Servitor     Conj/Summ      0%         N/A       100%        7
 Ignition                 Fire           0%         3d3       100%        8


Dungeon Overview and Level Annotations

Branches:
Dungeon (15/15)            Temple (0/1) D:6            Lair (6/6) D:10
 Shoals (3/4) Lair:2        Snake (0/4) Lair:3        Slime (0/5) Lair:6
    Orc (2/2) D:12            Elf (0/3) Orc:2        Vaults (0/5) D:13
 Depths (0/5) D:15

Altars:
Ashenzari
Cheibriados
Dithmenos
Fedhas
Gozag
Kikubaaqudgha
Makhleb
Nemelex Xobeh
Qazlal
Uskayaw
Xom
Beogh

Shops:
D:10 *   D:12 :   Orc:2 (:**

Annotations:
D:11 exclusions: freezing wraith and skeletal warrior
D:15 1 runed translucent door
Lair:5 exclusion: oklob plant
Shoals:2 1 runed translucent door, exclusion: downstairs, Ritocy's ghost, adept FeCj


Innate Abilities, Weirdness & Mutations

You can breathe bolts of dispelling energy.
Your rich purple scales are hard. (AC +9)
You cannot fit into any form of body armour.
You are cold-blooded and may be slowed by cold attacks.


Message History

The torrent of water hits you!!
The wave splashes down.
You hear a bleat! x2; You hear a shout!
You hear a bleat!
You hear a shout!
You hear an angry hiss.
You hear a shout! x3
You block the sea snake's attack.
The merfolk aquamancer points at you and mumbles some strange words.
The torrent of water passes through the water elemental.
The torrent of water misses you.
The wave splashes down.
The water elemental hits you.
The water elemental engulfs you in water!
You hear a shout!
Your lungs strain for air!
You block the sea snake's attack. The water elemental barely misses you.
You climb upwards.
Level annotation: 1 runed translucent door, exclusion: downstairs, Ritocy's ghost, adept FeCj Your lungs strain for air!
There is a stone staircase leading down here.
You slip free of the water engulfing you.
Your lungs strain for air!
The sea snake barely misses you. The water elemental closely misses you.
You slip free of the water engulfing you.
A merfolk comes into view. It is wielding a +6 trident of venom.
You gasp with relief as air once again reaches your lungs.
The merfolk shouts!
You sock the water elemental! You tail-slap the water elemental.
The water elemental is moderately damaged.
The sea snake closely misses you. You block the water elemental's attack.
You sock the water elemental!
You tail-slap the water elemental, but do no damage.
The water elemental is almost destroyed.
You block the sea snake's attack.
You completely miss the water elemental.
The water elemental is almost destroyed.
You block the water elemental's attack. The sea snake misses you.
You hit the water elemental.
The water elemental is almost destroyed.
The water elemental hits you.
The water elemental engulfs you in water!
You thump the water elemental!
You destroy the water elemental!
Lugonu accepts your kill.
You gasp with relief as air once again reaches your lungs.
The sea snake closely misses you. You block the merfolk's attack.
You sock the sea snake!
The sea snake is moderately wounded.
The sea snake bites you.
The merfolk hits you from afar with a +6 trident of venom.
You are poisoned.
You sock the sea snake!
The sea snake is heavily wounded.
You feel sick. The sea snake bites you. You block the merfolk's attack.
You miss the sea snake.
The sea snake is heavily wounded.
The sea snake bites you!
You are more poisoned.
The sea snake poisons you!
You bludgeon the sea snake!!
The sea snake is severely wounded.
You feel extremely sick. You block the merfolk's attack.
You bludgeon the sea snake!!
You kill the sea snake!
Lugonu accepts your kill.
You feel extremely sick. The merfolk misses you.
You feel extremely sick.
The merfolk hits you with a +6 trident of venom.
You hit the merfolk. You drain the merfolk.
Your tail-slap misses the merfolk.
The merfolk is lightly wounded.
You feel very sick.
You sock the merfolk!
The merfolk is moderately wounded.
You feel very sick. You block the merfolk's attack.
You sock the merfolk! You drain the merfolk.
The merfolk is severely wounded.
You feel very sick. You block the merfolk's attack.
You barely miss the merfolk.
Your tail-slap misses the merfolk.
The merfolk is severely wounded.
You feel very sick.
You closely miss the merfolk.
The merfolk is severely wounded.
You feel very sick.
The merfolk hits you but does no damage.
You miss the merfolk.
The merfolk is severely wounded.
You feel sick.
The merfolk hits you with a +6 trident of venom!
* * * LOW HITPOINT WARNING * * *
You barely miss the merfolk.
The merfolk is severely wounded.
You feel very sick.
The merfolk hits you with a +6 trident of venom!
* * * LOW HITPOINT WARNING * * *
You are lethally poisoned!
Really quaff
M - 3 potions of heal wounds {@q2 !q}?
You feel much better.
You feel very sick.
The merfolk hits you with a +6 trident of venom!!
You die...

.......≈≈≈........≈≈≈≈≈≈≈≈≈≈≈....
≈≈≈≈...≈≈≈....≈≈≈≈≈≈≈≈≈≈≈≈≈≈≈....
≈≈≈...).≈≈≈..≈≈.≈≈≈≈≈≈≈≈≈≈≈≈...#.
≈≈≈.....≈.≈..≈≈≈≈≈≈≈.≈≈≈≈....####
≈≈....#...(.≈≈≈≈≈≈≈..≈≈≈≈≈..## #
.....###<.≈≈≈≈≈≈≈≈≈≈≈≈≈≈...#####
≈....###..≈≈≈≈≈≈.≈≈≈...≈..## #P##
≈≈......#.≈(≈≈>≈.m≈≈≈....## ##...
≈≈≈....)..≈≈≈≈≈≈@........# ##...≈
≈≈≈≈≈..[.≈≈≈≈≈≈..........###...PP
≈≈≈≈≈..≈≈≈≈≈≈.....######...(.≈≈≈≈
≈≈≈≈.###≈≈≈≈≈>≈..## #####.≈≈P≈≈
≈≈≈≈..##≈≈≈≈≈....# ##..#...P..≈
≈≈≈≈....≈≈≈≈.###.# #...........
≈≈≈≈≈.≈≈≈≈≈..###.# ##.....≈.....
≈≈≈≈≈≈≈≈≈≈≈.<.#..####)≈≈≈≈≈≈≈....
≈≈≈≈≈≈≈≈≈≈<......##..≈.≈≈≈≈≈≈.≈P.


You could see a merfolk (drained).

Vanquished Creatures
  Jorgrun (D:14)
  Kirke (D:12)
  5 merfolk impalers (Shoals:2)
  A merfolk javelineer (Shoals:2)
  Fannar (D:12)
  A rakshasa (D:14)
  12 hydras
  A boulder beetle (D:12)
  3 merfolk aquamancers
  An ogre mage (D:13)
  6 two-headed ogres
  2 merfolk avatars
  A catoblepas (D:14)
  4 centaur warriors
  A death knight (D:12)
  A tengu warrior (D:14)
  6 death yaks (Lair:6)
  Urug (Lair:3)
  Sonja (Lair:6)
  A goliath frog (shapeshifter) (D:13)
  8 sea snakes
  3 skeletal warriors (D:15)
  A lindwurm (Lair:6)
  5 orc knights
  A necromancer (D:15)
  A wolf spider zombie (D:15)
  4 harpies (Shoals:3)
  2 deep elf pyromancers (D:14)
  5 cyclopes
  An oklob plant (Lair:6)
  3 orc sorcerers
  2 ugly things
  5 fauns
  8 manticores
  34 elephants
  4 water nymphs
  Joseph (D:7)
  5 merfolk sirens
  A naga mage (D:15)
  2 molten gargoyles (Lair:6)
  5 black mambas
  A torpor snail (Lair:4)
  11 cane toads
  A rime drake (Lair:6)
  An unseen horror (D:11)
  9 komodo dragons
  5 trolls
  15 merfolk
  2 polar bears
  Prince Ribbit (D:7)
  A wind drake (Shoals:2)
  9 slime creatures
  8 snapping turtles
  8 blink frogs
  The ghost of d3xhu the Conjurer, an amateur OpCj (D:4)
  15 water elementals
  A shadow (D:12)
  7 wraiths
  4 wyverns
  Eustachio (D:4)
  36 yaks
  2 hogs (D:12)
  Menkaure (D:7)
  5 basilisks
  A steam dragon (Lair:6)
  6 wargs
  3 nagas (Lair:3)
  A floating eye (shapeshifter) (D:13)
  6 water moccasins
  4 hell hounds (Lair:6)
  3 ice beasts
  Duvessa (D:5)
  33 orc warriors
  6 wolves (Lair:4)
  26 centaurs
  6 ogres
  A phantom (D:5)
  A kobold brigand (D:6)
  10 bullfrogs
  2 scorpions (D:5)
  4 gnoll sergeants
  Dowan (D:5)
  A hornet simulacrum (D:15)
  4 killer bees (D:9)
  4 wights (D:8)
  An electric eel (D:14)
  5 centaur zombies
  6 howler monkeys
  5 lava snakes (Lair:6)
  4 crimson imps (D:8)
  A bullfrog zombie (D:5)
  4 centaur skeletons
  15 jellies
  9 orc priests
  4 hounds
  A bullfrog skeleton (D:5)
  Terence (D:2)
  18 orc wizards
  Natasha (D:2)
  4 iguanas
  2 howler monkey zombies
  Robin (D:2)
  17 gnolls
  A howler monkey skeleton (D:7)
  9 adders
  A shadow imp (D:6)
  A white imp (D:5)
  2 adder skeletons
  2 worms
  3 dart slugs
  71 orcs
  3 bats
  8 endoplasms
  A giant cockroach (D:2)
  11 goblins
  4 hobgoblins
  9 jackals
  4 quokkas
  6 ball pythons
  2 frilled lizards
  8 kobolds
  5 rats
671 creatures vanquished.

Vanquished Creatures (collateral kills)
  A catoblepas (D:14)
  A merfolk (Shoals:2)
2 creatures vanquished.

Vanquished Creatures (others)
  31 fungi
  110 plants
141 creatures vanquished.

Grand Total: 814 creatures vanquished

Notes
Turn   | Place    | Note
-------+----------+-------------------------------------------
     0 | Abyss:1  | EnegeticOcto the Draconian Abyssal Knight began the quest
                  | for the Orb.
     0 | Abyss:1  | Reached XP level 1. HP: 19/19 MP: 2/2
     3 | Abyss:1  | Found a corrupted altar of Lugonu.
    33 | Abyss:1  | Noticed a fire dragon simulacrum
    34 | D:1      | Escaped the Abyss
   149 | D:1      | Reached skill level 1 in Stealth
   389 | D:1      | Reached XP level 2. HP: 24/26 MP: 3/3
   494 | D:1      | Reached skill level 2 in Stealth
   530 | D:1      | Reached * piety under Lugonu
   664 | D:1      | Found a faded altar of an unknown god.
  1140 | D:2      | Reached XP level 3. HP: 31/31 MP: 4/4
  1210 | D:2      | Reached skill level 3 in Stealth
  1295 | D:2      | Noticed Robin
  1740 | D:2      | Noticed Terence
  1988 | D:2      | Killed Terence
  1989 | D:2      | Reached skill level 3 in Maces & Flails
  1989 | D:2      | Reached XP level 4. HP: 34/38 MP: 5/5
  2150 | D:2      | Killed Robin
  2150 | D:2      | Reached ** piety under Lugonu
  2382 | D:2      | Noticed Natasha
  2540 | D:2      | Killed Natasha
  2541 | D:2      | Reached skill level 1 in Short Blades
  3018 | D:3      | Found a broken altar of Ashenzari.
  3212 | D:3      | Noticed an ogre
  3254 | D:3      | Reached XP level 5. HP: 45/45 MP: 6/6
  3296 | D:3      | Reached skill level 1 in Shields
  3660 | D:3      | Learned a level 2 spell: Ensorcelled Hibernation
  3759 | D:4      | Reached skill level 2 in Short Blades
  3884 | D:4      | Noticed Eustachio
  4349 | D:4      | Reached skill level 3 in Short Blades
  4374 | D:4      | Found a runed translucent door.
  4380 | D:4      | Noticed d3xhu's ghost (amateur OpCj)
  4462 | D:4      | Reached skill level 2 in Shields
  4462 | D:4      | Reached XP level 6. HP: 35/51 MP: 7/7
  4648 | D:4      | Identified the +9 flail of the Lesser Evil {flame, rCorr
                  | Int+3}
  4785 | D:4      | Reached *** piety under Lugonu
  4920 | D:4      | Killed Eustachio
  4921 | D:4      | Reached skill level 4 in Maces & Flails
  5303 | D:5      | Entered Level 5 of the Dungeon
  5422 | D:5      | Reached skill level 3 in Shields
  5539 | D:5      | Noticed Duvessa
  5559 | D:5      | Noticed Dowan
  5563 | D:5      | Killed Duvessa
  5564 | D:5      | Reached skill level 5 in Maces & Flails
  5564 | D:5      | Your scales start taking on a rich purple colour.
  5564 | D:5      | Reached XP level 7. HP: 57/57 MP: 8/8
  5569 | D:5      | Killed Dowan
  5841 | D:5      | Reached skill level 6 in Maces & Flails
  5841 | D:5      | Reached skill level 4 in Shields
  6097 | D:5      | Reached XP level 8. HP: 32/63 MP: 7/9
  6275 | D:5      | Reached skill level 7 in Maces & Flails
  6588 | D:5      | Reached skill level 8 in Maces & Flails
  6812 | D:5      | Found a shadowy altar of Dithmenos.
  7070 | D:6      | Found a hide-covered altar of Uskayaw.
  7119 | D:6      | Found a stormy altar of Qazlal.
  7163 | D:6      | Found a staircase to the Ecumenical Temple.
  7197 | D:6      | Reached skill level 4 in Fighting
  7197 | D:6      | Reached skill level 3 in Invocations
  7441 | D:6      | Reached skill level 4 in Invocations
  7566 | D:6      | Reached skill level 5 in Fighting
  7635 | D:6      | Reached XP level 9. HP: 64/74 MP: 12/12
  7635 | D:6      | Reached **** piety under Lugonu
  7849 | D:6      | Reached skill level 5 in Invocations
  8388 | D:7      | Reached skill level 6 in Fighting
  8545 | D:7      | Noticed Menkaure
  8551 | D:7      | Killed Menkaure
  8552 | D:7      | Reached skill level 6 in Invocations
  8743 | D:7      | Noticed Joseph
  8922 | D:7      | Noticed Prince Ribbit
  8953 | D:7      | Killed Prince Ribbit
  8954 | D:7      | Reached skill level 7 in Invocations
  9853 | D:8      | Reached skill level 8 in Invocations
 10203 | D:8      | Reached skill level 9 in Maces & Flails
 10641 | D:7      | Reached skill level 5 in Shields
 10641 | D:7      | Reached XP level 10. HP: 72/83 MP: 16/16
 11789 | D:7      | Reached skill level 10 in Maces & Flails
 11872 | D:8      | Found a shimmering altar of Xom.
 12028 | D:8      | Reached skill level 6 in Shields
 12959 | D:9      | Reached skill level 11 in Maces & Flails
 12994 | D:9      | Reached skill level 7 in Shields
 13785 | D:4      | Killed d3xhu's ghost
 13955 | D:7      | Killed Joseph
 14054 | D:10     | Entered Level 10 of the Dungeon
 14063 | D:9      | Reached XP level 11. HP: 57/89 MP: 17/17
 14227 | D:9      | Reached skill level 12 in Maces & Flails
 14370 | D:10     | Reached ***** piety under Lugonu
 14465 | D:10     | Noticed a boulder beetle
 14680 | D:10     | Banished a boulder beetle
 14970 | D:10     | Reached skill level 8 in Shields
 15032 | D:10     | Found an opulent altar of Gozag.
 15035 | D:10     | Found Gozag's Platinum Reserve.
 15202 | D:10     | Found a staircase to the Lair.
 15432 | D:10     | Learned a level 2 spell: Call Imp
 15435 | D:10     | Learned a level 2 spell: Passwall
 15439 | D:10     | Learned a level 3 spell: Tukima's Dance
 15668 | D:11     | Noticed a green ugly thing
 15680 | D:11     | Killed a green ugly thing
 16099 | D:11     | Reached skill level 7 in Fighting
 16202 | D:11     | Noticed a skeletal warrior
 16746 | Lair:1   | Entered Level 1 of the Lair of Beasts
 16843 | Lair:1   | Reached skill level 9 in Invocations
 16929 | Lair:1   | Identified the +10 flail of Teyff {drain, rPois}
 16982 | Lair:1   | Reached skill level 13 in Maces & Flails
 17160 | Lair:1   | Noticed a seven-headed hydra
 17180 | Lair:1   | Killed a seven-headed hydra
 17181 | Lair:1   | Reached skill level 1 in Evocations
 17595 | Lair:2   | Reached XP level 12. HP: 94/100 MP: 18/18
 17938 | Lair:2   | Reached skill level 9 in Shields
 18027 | Lair:2   | Found a staircase to the Shoals.
 18090 | Lair:2   | Reached skill level 8 in Fighting
 18094 | Lair:2   | Reached skill level 3 in Dodging
 18571 | Lair:3   | Noticed a four-headed hydra
 18584 | Lair:3   | Killed a four-headed hydra
 18731 | Lair:3   | Noticed a five-headed hydra
 18803 | Lair:3   | Found a staircase to the Snake Pit.
 18985 | Lair:3   | Killed a five-headed hydra
 19140 | Lair:3   | Noticed Urug
 19148 | Lair:3   | Killed Urug
 19149 | Lair:3   | Reached skill level 14 in Maces & Flails
 19149 | Lair:3   | Reached skill level 4 in Dodging
 19503 | Lair:4   | HP: 4/103 [cane toad (11)]
 19738 | Lair:4   | Noticed a four-headed hydra
 19740 | Lair:4   | Noticed a five-headed hydra
 19746 | Lair:4   | Killed a four-headed hydra
 19747 | Lair:4   | Reached skill level 9 in Fighting
 19747 | Lair:4   | Killed a five-headed hydra
 19748 | Lair:4   | Reached skill level 5 in Dodging
 19884 | Lair:4   | Noticed a five-headed hydra
 19891 | Lair:4   | Killed a five-headed hydra
 19892 | Lair:4   | Reached skill level 10 in Shields
 19961 | Lair:4   | Noticed an eight-headed hydra
 19968 | Lair:4   | Killed an eight-headed hydra
 20473 | Lair:4   | Reached XP level 13. HP: 68/111 MP: 19/19
 20579 | Lair:5   | Found a blossoming altar of Fedhas.
 21222 | Lair:6   | Entered Level 6 of the Lair of Beasts
 21267 | Lair:6   | Noticed Sonja
 21269 | Lair:6   | Killed Sonja
 21270 | Lair:6   | Reached skill level 10 in Fighting
 21270 | Lair:6   | Reached skill level 6 in Dodging
 21270 | Lair:6   | Reached skill level 2 in Evocations
 21419 | Lair:6   | Reached skill level 3 in Evocations
 21544 | Lair:6   | Reached skill level 4 in Evocations
 21557 | Lair:6   | Reached skill level 10 in Invocations
 21596 | Lair:6   | Found a staircase to the Slime Pits.
 21729 | Lair:6   | Reached skill level 5 in Evocations
 21891 | Lair:6   | Reached skill level 11 in Shields
 21927 | Lair:6   | Reached skill level 6 in Evocations
 21960 | Lair:6   | Reached skill level 11 in Invocations
 22184 | Lair:6   | Reached XP level 14. HP: 72/121 MP: 22/22
 22329 | Lair:6   | Reached skill level 12 in Shields
 22473 | Lair:6   | Reached skill level 12 in Invocations
 22534 | Lair:6   | Found a large runed translucent door.
 22535 | Lair:6   | Found a large runed translucent door.
 23589 | D:12     | Found a staircase to the Orcish Mines.
 23691 | D:12     | Reached skill level 13 in Shields
 23773 | D:12     | Found Onesk's Book Emporium.
 23930 | D:12     | Noticed Fannar
 23948 | D:12     | Killed Fannar
 24125 | D:12     | Noticed Kirke
 24154 | D:12     | Killed Kirke
 24574 | D:12     | Reached skill level 14 in Shields
 24644 | Orc:1    | Entered Level 1 of the Orcish Mines
 25143 | Orc:2    | Entered Level 2 of the Orcish Mines
 25257 | Orc:2    | Reached ****** piety under Lugonu
 25400 | Orc:2    | Found Jajoghei's Book Boutique.
 25400 | Orc:2    | Found Fexid's Assorted Antiques.
 25402 | Orc:2    | Found Ynotes's General Store.
 25403 | Orc:2    | Found Ixel's Antique Weapon Shop.
 25409 | Orc:2    | Bought a scroll of teleportation for 81 gold pieces
 25409 | Orc:2    | Bought a scroll labelled TYOVOVASEL for 27 gold pieces
 25417 | Orc:2    | Bought a +1 pair of gloves of strength for 165 gold pieces
 25417 | Orc:2    | Bought a +4 ring of protection for 360 gold pieces
 25677 | Orc:2    | Found a staircase to the Elven Halls.
 25775 | Orc:2    | Reached skill level 15 in Shields
 25838 | Orc:2    | Reached skill level 1 in Throwing
 26322 | D:13     | Reached skill level 2 in Throwing
 26367 | D:13     | Found a burning altar of Makhleb.
 26402 | D:13     | Found a gate to the Vaults.
 26418 | D:13     | Reached XP level 15. HP: 116/126 MP: 24/24
 26421 | D:13     | Reached skill level 3 in Throwing
 26579 | D:13     | Reached skill level 4 in Throwing
 27029 | D:14     | Reached skill level 5 in Throwing
 27066 | D:14     | Found a snail-covered altar of Cheibriados.
 27158 | D:14     | Found a sparkling altar of Nemelex Xobeh.
 27183 | D:14     | Noticed Jorgrun
 27198 | D:14     | Killed Jorgrun
 27199 | D:14     | Reached skill level 6 in Throwing
 27482 | D:14     | Reached skill level 7 in Throwing
 27952 | D:15     | Entered Level 15 of the Dungeon
 28234 | D:15     | Reached skill level 8 in Throwing
 28283 | D:15     | Found a staircase to the Depths.
 28372 | D:15     | Found a runed translucent door.
 28493 | D:15     | Reached skill level 9 in Throwing
 28669 | D:15     | Found an ancient bone altar of Kikubaaqudgha.
 28959 | D:15     | Noticed a tengu reaver
 29126 | Shoals:1 | Entered Level 1 of the Shoals
 29488 | Shoals:1 | Identified the +7 flail "Damaes" {freeze, rPois}
 30073 | Shoals:2 | Reached skill level 1 in Hexes
 30179 | Shoals:2 | Found a runed translucent door.
 30199 | Shoals:2 | Reached skill level 2 in Hexes
 30348 | Shoals:2 | Reached skill level 7 in Dodging
 30348 | Shoals:2 | Reached skill level 3 in Hexes
 30373 | Shoals:2 | Reached XP level 16. HP: 98/136 MP: 25/25
 30636 | Shoals:2 | Reached skill level 4 in Hexes
 30821 | Shoals:2 | Reached skill level 11 in Fighting
 30960 | Shoals:2 | Reached skill level 5 in Hexes
 30992 | Shoals:2 | Noticed Ritocy's ghost (adept FeCj)
 31269 | Shoals:3 | Reached skill level 6 in Hexes
 31462 | Shoals:2 | HP: 4/138 [merfolk/+6 trident of venom (7)]
 31463 | Shoals:2 | Slain by a merfolk

Illustrated notes

Levels and vault maps discovered:
D:1:      amcnicky_arrival_flooded_fountain, layout_rooms,
          hellmonk_ecumenical_altar_slurped_away
D:2:      layout_rooms, minivault_5, kennysheep_potato, uniq_natasha,
          uniq_terence, uniq_robin
D:3:      layout_loops_ring, ashenzari_altar_1, minivault_27
D:4:      layout_rooms, ebering_ghost_sewer_d, uniq_eustachio
D:5:      layout_loops_cross, grunt_dithmenos_shadows, uniq_duvessa
D:6:      layout_gridville, nicolae_uskayaw_suspiria,
          nicolae_qazlal_general_emergency, minmay_temple_entry_waves,
          kennysheep_generic_room_11
D:7:      layout_basic, uniq_joseph, uniq_prince_ribbit1, uniq_menkaure
D:8:      layout_gridville, led_xom_imps, minmay_misc_feat_tiny
D:9:      layout_cave_pools, serial_rivers, chequers_serial_rivers_small_3,
          chequers_serial_rivers_room_a, chequers_serial_rivers_micro_d,
          chequers_serial_rivers_small_b
D:10:     layout_long_grid, nicolae_gozag_zags_fifth_avenue, lair_entry_dummy
D:11:     layout_roguey
D:12:     layout_long_grid, orc_0_dummy, serial_shops, shop, uniq_fannar,
          uniq_kirke
D:13:     layout_irregular_city, david_vaults_2, minmay_fountain_box,
          bloody_makhleb
D:14:     layout_loops_ring, nemelex_diamond_rough_becter, serial_bayou,
          serial_bayou_pond_a, serial_bayou_pond_b, serial_bayou_shore_a,
          serial_bayou_shore_b, serial_bayou_ford_a, slow_altar_2, uniq_jorgrun
D:15:     grunt_enter_depths_magical_seal, layout_basic,
          nicolae_kikubaaqudgha_miasma_corner, lightli_airlock
Lair:1:   layout_gridlike, hangedman_lair_unloving_vines
Lair:2:   layout_cave_shapes, minmay_shoals_entry_lonely_mermaid,
          lemuel_fruit_fields
Lair:3:   layout_cave_shapes, guppyfry_snake_entry_island, uniq_urug
Lair:4:   layout_cellular_growth
Lair:5:   layout_hall_layers, tgw_fedhas
Lair:6:   cheibrodos_lair_end_hotspot, layout_regular_city,
          minmay_slime_entry_jelly_boxes, minmay_lair_oklob_items, uniq_sonja
Shoals:1: layout_shoals
Shoals:2: layout_shoals, ebering_ghost_reflecting_pool, st_sunken_temple
Shoals:3: layout_shoals, gammafunk_ghost_abyssal_escape
Orc:1:    layout_caves
Orc:2:    st_orc_rangers, layout_caves, basic_altar

Skill      XL: |  1  2  3  4  5  6  7  8  9 10 11 12 13 14 15 16 |
---------------+-------------------------------------------------+-----
Stealth        | 1 2 3 |  3.0
Maces & Flails | 3 5 6 8 9 11 13 14 | 14.0
Short Blades   | 1 3 |  3.2
Shields        | 2 3 4 5 7 8 10 11 15 | 15.0
Fighting       | 5 6 7 9 10 11 | 11.4
Invocations    | 4 8 9 11 12 | 12.0
Evocations     | 1 6 |  6.0
Dodging        | 5 6 7 |  7.7
Throwing       | 2 9 |  9.6
Hexes          | 3 6 |  6.0

Action                   |  1- 3 |  4- 6 |  7- 9 | 10-12 | 13-15 | 16-18 || total
-------------------------+-------+-------+-------+-------+-------+-------++-------
Melee: Mace              |   101 |    12 |       |       |       |       ||   113
       Tailslap          |     6 |    24 |    22 |    65 |   219 |    29 ||   365
       Dagger            |       |   172 |       |       |       |       ||   172
       Flail             |       |    29 |   189 |   427 |  1208 |   155 ||  2008
Throw: Javelin           |     7 |       |       |       |     4 |       ||    11
       Dart              |     3 |    15 |    14 |     5 |     9 |       ||    46
       Boomerang         |       |     4 |     8 |    70 |   114 |    10 ||   206
 Cast: Tukima's Dance    |       |       |       |       |       |     1 ||     1
Invok: Depart the Abyss  |     1 |       |       |       |       |       ||     1
       Bend Space        |       |       |     2 |     4 |     1 |       ||     7
       Banish            |       |       |       |     8 |    11 |     2 ||    21
 Abil: Breathe Dispellin |       |       |    14 |    14 |    14 |       ||    42
Evoke: Wand              |       |       |     9 |     5 |     7 |     1 ||    22
       Tin of tremorston |       |       |       |     2 |     1 |     1 ||     4
       Condenser vane    |       |       |       |       |     1 |       ||     1
       Box of beasts     |       |       |       |       |     2 |       ||     2
  Use: Scroll            |     2 |     4 |     4 |     7 |    16 |     5 ||    38
       Potion            |       |     3 |     1 |       |       |     1 ||     5
 Stab: Sleeping          |       |     6 |     9 |     3 |     3 |     2 ||    23
       Distracted        |       |       |     1 |       |     1 |       ||     2
Armor: Skin              |    33 |    26 |    37 |    65 |   295 |    23 ||   479
Dodge: Dodged            |    73 |    69 |    92 |   161 |   494 |    58 ||   947
Block: Kite shield       |       |    65 |       |   131 |   785 |    91 ||  1072
       Buckler           |       |       |       |    62 |       |       ||    62
       Reflection        |       |       |       |       |    44 |     8 ||    52

Table legend: (Time is in decaauts)
 A = Elapsed time spent in this place.
 B = Non-inter-level travel time spent in this place.
 C = Inter-level travel time spent in this place.
 D = Time resting spent in this place.
 E = Time spent auto-exploring this place.
 F = Levels seen in this place.
 G = Mean time per level.
                   A        B        C        D        E       F      G
               +--------+--------+--------+--------+--------+-----+--------+
         Total |  31339 |  29388 |   1951 |   3504 |  19993 |  27 | 1160.7 |
       Dungeon |  20831 |  19471 |   1360 |   3011 |  13020 |  15 | 1388.7 |
          Lair |   6743 |   6376 |    367 |    306 |   4669 |   6 | 1123.8 |
        Shoals |   2346 |   2172 |    174 |    148 |   1327 |   3 |  782.0 |
  Orcish Mines |   1383 |   1334 |     49 |     39 |    977 |   2 |  691.5 |
         Abyss |     34 |     34 |      0 |      0 |      0 |   1 |   34.0 |
               +--------+--------+--------+--------+--------+-----+--------+

Top non-repeatable levels by time:
     D:7: 2631 daAuts
  Lair:6: 2129 daAuts
     D:8: 1835 daAuts
     D:9: 1815 daAuts
     D:4: 1644 daAuts
     D:5: 1595 daAuts
     D:1: 1482 daAuts
    D:11: 1320 daAuts
     D:2: 1279 daAuts
    D:12: 1272 daAuts
     D:3: 1257 daAuts
Shoals:2: 1251 daAuts
     D:6: 1247 daAuts
  Lair:4: 1091 daAuts
    D:15: 1047 daAuts
